 Dungeon Crawl Stone Soup version 0.27.0-1-g7a089689b8 (webtiles) character file.

Game seed: 13551853573776955075

2491 Spaninq the Carver (level 9, 0/71 HPs)
             Began as a Human Warper on Aug 9, 2021.
             Was a Believer of the Shining One.
             Succumbed to a hornet's poison
             ... on level 7 of the Dungeon.
             The game lasted 00:19:45 (8630 turns).

Spaninq the Carver (Human Warper)                   Turns: 8630, Time: 00:19:45

Health: 0/71       AC: 15    Str: 15    XL:     9   Next: 81%
Magic:  9/12       EV:  8    Int: 13    God:    the Shining One [**....]
Gold:   434        SH:  6    Dex: 13    Spells: 10/12 levels left

rFire    . . .     SeeInvis .   a - +2 double sword (holy)
rCold    + . .     Faith    .   (no shield)
rNeg     + . .     Spirit   .   k - +0 chain mail
rPois    .         Reflect  .   g - +1 helmet
rElec    .         Harm     .   t - +0 cloak
rCorr    .         Rampage  .   (no gloves)
Will     .....                  q - +1 pair of boots
Stlth    ..........             (no amulet)
HPRegen  0.21/turn              r - ring of protection from cold
MPRegen  0.13/turn              (no ring)

@: lethally poisoned (0 -> -2), divinely shielded, slowed, glowing, very slow
A: no striking features
a: Renounce Religion, Divine Shield


You were on level 7 of the Dungeon.
You worshipped the Shining One.
The Shining One was pleased with you.
You visited 1 branch of the dungeon, and saw 7 of its levels.

You collected 434 gold pieces.

Inventory:

Hand Weapons
 a - a +2 double sword of holy wrath (weapon)
Missiles
 d - 4 boomerangs of dispersal
 h - 10 boomerangs
 j - 10 javelins
 n - 17 poisoned darts (quivered)
Armour
 g - a +1 helmet (worn)
 k - a +0 chain mail (worn)
 q - a +1 pair of boots (worn)
 t - a +0 cloak (worn)
Jewellery
 r - a ring of protection from cold (left hand)
 s - a ring of ice
Wands
 b - a wand of digging (2)
Scrolls
 c - 2 scrolls of blinking
 e - 2 scrolls of fear
 o - a scroll of teleportation
 u - a scroll of identify
Potions
 f - a potion of brilliance
 i - a potion of mutation {unknown}
 l - 4 potions of flight
 m - 2 potions of might
 p - a potion of magic
 v - a potion of cancellation


   Skills:
 + Level 6.5 Fighting
 * Level 9.1 Long Blades
 - Level 1.0 Throwing
 + Level 4.5 Armour
 + Level 4.8 Dodging
 - Level 2.0 Spellcasting
 - Level 3.0 Translocations


You had 10 spell levels left.
You knew the following spells:

 Your Spells              Type           Power      Damage    Failure   Level
a - Blink                 Tloc           N/A        N/A       90%         2

Your spell library contained the following spells:

 Spells                   Type           Power      Damage    Failure   Level
 Shock                    Conj/Air       4%         1d3       99%         1
 Gell's Gravitas          Tloc           4%         N/A       99%         3
 Lesser Beckoning         Tloc           4%         N/A       99%         3
 Teleport Other           Tloc           9%         N/A       99%         3
 Conjure Flame            Conj/Fire      1%         6-21      100%        3
 Ignite Poison            Fire/Tmut/Pois 1%         N/A       100%        3
 Swiftness                Air            1%         N/A       100%        3
 Airstrike                Air            0%         N/A       100%        4
 Sticky Flame             Conj/Fire      1%         2d3       100%        4
 Manifold Assault         Tloc           9%         N/A       100%        5


Dungeon Overview and Level Annotations

Branches:
Dungeon (7/15)             Temple (0/1) D:4

Altars:
Ashenzari
The Shining One

Shops:
D:4 :=(!   D:6 (


Message History

You are more poisoned.
You feel as though you will be slow longer.
You can move again.
You slash the hornet!
The hornet is heavily wounded.
You feel very sick. The hornet barely misses you. The hornet stings you!
You shrug off the repeated paralysis!
The hornet stings you but does no damage.
You slash the hornet!
The hornet is almost dead.
You feel very sick. The hornet completely misses you.
You riposte.
You closely miss the hornet.
The hornet is almost dead.
The hornet stings you.
* * * LOW HITPOINT WARNING * * *
You feel as though you will be slow longer.
A divine shield forms around you!
You feel sick. The hornet stings you.
* * * LOW HITPOINT WARNING * * *
You feel as though you will be slow longer.
The hornet closely misses you.
You riposte.
You barely miss the hornet.
The hornet is almost dead.
You block the hornet's attack.
Your magical effects are unravelling.
You feel magically purged.
You feel yourself speed up.
You feel sick. You block the hornet's attack. The hornet stings you.
* * * LOW HITPOINT WARNING * * *
You feel yourself slow down.
Your magical effects are unravelling.
You feel magically purged.
You feel yourself speed up.
You feel sick. The hornet misses you.
You riposte.
You barely miss the hornet.
The hornet is severely wounded.
The hornet stings you.
* * * LOW HITPOINT WARNING * * *
You feel yourself slow down.
You hit the hornet.
The hornet is almost dead.
You die...

.# ### #.# ..# #.#
#.# #.# #.# #
#####.. #.# .#
#...... #.##.#
#...... ##.#y##
#...... #..@..#
#...... #.#######
#......
#.......######......
#######.#...........
#.#..)<#..###'
#.######..# #.
###...# #..# #.
#...#.####..# #.
#.#.#.#.....# #.


You could see a hornet.

Vanquished Creatures
  Grinder (D:6)
  Sigmund (D:5)
  Eustachio (D:5)
  Menkaure (D:4)
  Duvessa (D:6)
  An orc warrior (D:6)
  2 ice beasts (D:6)
  A necrophage (D:6)
  3 ogres
  A phantom (D:5)
  A kobold brigand (D:5)
  A bullfrog (D:5)
  Dowan (D:6)
  2 scorpions
  2 hounds
  A bullfrog skeleton (D:6)
  A centaur zombie (D:5)
  2 centaur skeletons
  3 orc priests (D:6)
  Crazy Yiuf (D:6)
  Natasha (thrice) (D:4)
  An iguana (D:6)
  3 orc wizards
  A hound zombie (D:5)
  11 gnolls
  6 adders
  A white imp (D:6)
  A worm (D:3)
  18 orcs
  5 bats
  4 endoplasms
  4 giant cockroaches
  5 goblins
  7 hobgoblins
  4 jackals (D:2)
  44 kobolds
  5 quokkas
  3 ball pythons
  4 frilled lizards
  3 rats
161 creatures vanquished.

Notes
Turn   | Place    | Note
-------+----------+-------------------------------------------
     0 | D:1      | Spaninq the Human Warper began the quest for the Orb.
     0 | D:1      | Reached XP level 1. HP: 16/16 MP: 3/3
   131 | D:1      | Reached XP level 2. HP: 17/22 MP: 5/5
   577 | D:1      | Learned a level 2 spell: Blink
   889 | D:2      | Reached XP level 3. HP: 27/28 MP: 6/6
   962 | D:2      | Reached skill level 3 in Long Blades
  1387 | D:2      | Reached XP level 4. HP: 12/34 MP: 7/7
  1956 | D:3      | You fall into a shaft and drop 2 floors!
  1956 | D:5      | Entered Level 5 of the Dungeon
  1957 | D:5      | Noticed a bullfrog
  2093 | D:5      | Killed a bullfrog
  2094 | D:5      | Reached skill level 4 in Long Blades
  2094 | D:5      | Reached XP level 5. HP: 8/41 MP: 8/8
  2342 | D:4      | Reached XP level 6. HP: 45/47 MP: 9/9
  2721 | D:3      | Reached skill level 5 in Long Blades
  2878 | D:3      | Found a faded altar of an unknown god.
  2886 | D:3      | Became a worshipper of the Shining One
  2886 | D:3      | Reached * piety under the Shining One
  2889 | D:3      | Identified a scroll of acquirement
  2889 | D:3      | Acquired a +1 double sword of holy wrath
  3164 | D:4      | Noticed Natasha
  3167 | D:4      | Killed Natasha
  3240 | D:4      | Found Uwki's Distillery.
  3240 | D:4      | Noticed Natasha
  3241 | D:4      | Found Cuiph's Book Boutique.
  3245 | D:4      | Killed Natasha
  3246 | D:4      | Found Nyfuugg's Jewellery Boutique.
  3247 | D:4      | Found Leigiff's Weapon Boutique.
  3267 | D:4      | Noticed Menkaure
  3281 | D:4      | Killed Menkaure
  3282 | D:4      | Reached skill level 6 in Long Blades
  3282 | D:4      | Reached XP level 7. HP: 41/55 MP: 10/10
  3806 | D:4      | Noticed Natasha
  3811 | D:4      | Killed Natasha
  4302 | D:4      | Found a staircase to the Ecumenical Temple.
  4506 | D:4      | Reached XP level 8. HP: 37/61 MP: 11/11
  4704 | D:5      | Reached skill level 5 in Fighting
  4862 | D:5      | Found a broken altar of Ashenzari.
  5128 | D:5      | Reached skill level 7 in Long Blades
  5362 | D:5      | Noticed Sigmund
  5394 | D:5      | Killed Sigmund
  5763 | D:5      | Reached ** piety under the Shining One
  6970 | D:6      | Noticed Eustachio
  6970 | D:6      | Noticed Grinder
  7005 | D:5      | Killed Eustachio
  7006 | D:5      | Reached XP level 9. HP: 36/69 MP: 12/12
  7120 | D:5      | Reached skill level 8 in Long Blades
  7244 | D:6      | Paralysed by Grinder for 5 turns
  7257 | D:6      | Paralysed by Grinder for 2 turns
  7261 | D:6      | Paralysed by Grinder for 5 turns
  7268 | D:6      | Killed Grinder
  7805 | D:6      | Found Owuthrar's Weapon Shoppe.
  7808 | D:6      | Noticed Duvessa
  7809 | D:6      | Noticed Dowan
  7823 | D:6      | Killed Duvessa
  7824 | D:6      | Reached skill level 9 in Long Blades
  7832 | D:6      | Killed Dowan
  8198 | D:6      | Identified the +10 mace "Teeluito" {vorpal, Dex+2 SInv}
  8202 | D:6      | Found a runed translucent door.
  8203 | D:6      | Noticed Crazy Yiuf
  8209 | D:6      | Killed Crazy Yiuf
  8618 | D:7      | Noticed a hornet
  8623 | D:7      | Paralysed by a hornet for 2 turns
  8629 | D:7      | HP: 2/71 [hornet (3)]
  8630 | D:7      | Succumbed to a hornet's poison

Illustrated notes

Levels and vault maps discovered:
D:1:      minmay_arrival_glassed_features, layout_rooms, serial_corexii_hall,
          corexii_hall_statues_x, chequers_hall_statues_y,
          corexii_hall_statues_i, corexii_hall_statues_l
D:2:      layout_basic
D:3:      layout_basic, hellmonk_ecumenical_altar_blasted
D:4:      layout_basic, temple_green, minmay_shop_grid_forest, minivault_14,
          uniq_natasha, uniq_menkaure
D:5:      minmay_goblin_kobold_castle, layout_basic, evilmike_ruin_ashenzari,
          uniq_sigmund
D:6:      layout_rooms, serial_shops, kennysheep_mini,
          hangedman_decor_peaks_small, uniq_eustachio, uniq_grinder,
          uniq_duvessa, uniq_crazy_yiuf_cottage
D:7:      minmay_angry_zag, layout_basic

Skill      XL: |  1  2  3  4  5  6  7  8  9 |
---------------+----------------------------+-----
Long Blades    | 3 4 6 7 9 |  9.1
Fighting       | 3 4 5 6 |  6.5
Armour         | 3 4 |  4.5
Dodging        | 3 4 |  4.8
Throwing       | |  1.0
Spellcasting   | |  2.0
Translocations | |  3.0

Action                   |  1- 3 |  4- 6 |  7- 9 || total
-------------------------+-------+-------+-------++-------
Melee: Falchion          |    82 |    53 |       ||   135
       Long sword        |       |    37 |       ||    37
       Double sword      |       |    26 |   258 ||   284
Throw: Dart              |     5 |    12 |       ||    17
       Boomerang         |       |     1 |       ||     1
Invok: Divine Shield     |       |       |     1 ||     1
  Use: Scroll            |       |     6 |     8 ||    14
       Potion            |       |     3 |     4 ||     7
 Stab: Sleeping          |     1 |       |       ||     1
Armor: Leather armour    |     9 |       |       ||     9
       Chain mail        |    32 |   105 |   159 ||   296
Dodge: Dodged            |    39 |    53 |   104 ||   196
Block: Other             |       |       |     2 ||     2
       Rpst.: Falchion   |     8 |     7 |       ||    15
       Double sword      |       |     4 |    31 ||    35
       Long sword        |       |     3 |       ||     3
